Map: Dusk Towers

Players

PtitDrogo - Winner!

  • Race: Protoss Protoss
  • League: Master

Basior

  • Race: Terran Terran
  • League: Master

Event: DreamHack ZOWIE Open Leipzig

VOD

Have the link to the VOD?

Description

Time

  • Played on: Jan. 22, 2016, 10:50 a.m.
  • Length: 12:03

All games in this series

Show
View Real Time Build Order
Export as new Build Order

PtitDrogo Protoss - Winner!

Build Orders: 1 Gate Expand 

Get SALT Encoding   

  12  0:01  Probe (Chrono Boost)  
  13  0:11  Probe (Chrono Boost)  
  14  0:17  Pylon  
  14  0:22  Probe (Chrono Boost)  
  15  0:36  Gateway, Probe (Chrono Boost)  
  15  0:41  Assimilator  
  16  0:46  Probe (Chrono Boost)  
  18  0:57  Probe (Chrono Boost)  
  18  1:07  Probe (Chrono Boost)  
  19  1:18  Nexus  
  19  1:21  Probe (Chrono Boost)  
  20  1:30  Cybernetics Core  
  20  1:35  Probe (Chrono Boost)  
  21  1:45  Probe (Chrono Boost)  
  22  1:53  Pylon  
  22  1:56  Probe (Chrono Boost)  
  23  2:11  Probe (Chrono Boost)  
  23  2:15  Nexus  
  24  2:22  Probe (Chrono Boost)  
  25  2:28  Warp Gate  
  25  2:30  Probe (Chrono Boost)  
  25  2:32  Probe (Chrono Boost)  
  25  2:35  Adept (Chrono Boost)  
  29  2:40  Probe  
  32  2:44  Mothership Core (Chrono Boost)  
  32  2:51  Probe (Chrono Boost)  
  32  2:57  Assimilator  
  33  3:03  Probe (Chrono Boost), Adept  
  33  3:05  Probe (Chrono Boost)  
  37  3:13  Probe (Chrono Boost)  
  37  3:15  Probe (Chrono Boost)  
  39  3:24  Probe (Chrono Boost), Robotics Facility  
  39  3:26  Probe (Chrono Boost)  
  41  3:28  Probe (Chrono Boost)  
  42  3:35  Probe (Chrono Boost)  
  42  3:36  Probe (Chrono Boost)  
  42  3:39  Probe (Chrono Boost)  
  42  3:40  Assimilator x2  
  45  3:45  Probe (Chrono Boost)  
  45  3:47  Gateway, Probe (Chrono Boost)  
  47  3:48  Gateway  
  47  3:49  Probe (Chrono Boost)  
  48  3:56  Probe (Chrono Boost)  
  48  3:57  Probe (Chrono Boost)  
  48  4:00  Probe (Chrono Boost)  
  51  4:06  Probe (Chrono Boost)  
  51  4:08  Probe (Chrono Boost)  
  51  4:09  Twilight Council, Probe (Chrono Boost)  
  53  4:12  Observer (Chrono Boost)  
  53  4:15  Probe  
  56  4:19  Probe x2  
  56  4:21  Pylon  
  58  4:25  Probe, Pylon  
  58  4:30  Probe  
  59  4:31  Probe  
  59  4:37  Probe  
  59  4:38  Observer (Chrono Boost)  
  61  4:39  Pylon  
  61  4:41  Probe  
  61  4:43  Probe  
  61  4:44  Pylon  
  65  4:46  Blink (Chrono Boost)  
  65  4:47  Sentry  
  65  4:48  Probe, Adept x2  
  72  4:53  Probe  
  72  4:55  Probe  
  72  4:57  Observer  
  72  4:58  Probe  
  75  5:04  Assimilator x2  
  75  5:05  Probe  
  77  5:07  Probe  
  77  5:09  Probe  
  77  5:12  Pylon  
  79  5:15  Observer, Robotics Bay  
  79  5:17  Probe, Pylon  
  79  5:19  Probe  
  79  5:20  Probe  
  83  5:22  Stalker x2  
  83  5:28  Stalker  
  89  5:34  Immortal  
  89  5:35  Forge  
  89  5:37  Forge  
  89  5:42  Pylon  
  93  5:43  Gateway  
  93  5:44  Gateway  
  93  5:45  Gateway  
  93  5:46  Pylon  
  93  5:57  Stalker x3  
  95  6:01  Pylon  
  99  6:06  Colossus  
  99  6:18  Photon Cannon  
  105  6:19  Protoss Ground Weapons Level 1 (Chrono Boost), Protoss Ground Armor Level 1 (Chrono Boost), Photon Cannon  
  105  6:25  Extended Thermal Lance, Pylon  
  105  6:32  Resonating Glaives  
  105  6:38  Gateway x2  
  105  6:40  Gateway  
  105  6:44  Stalker x3  
  105  6:45  Stalker x2  
  115  6:55  Adept  
  117  7:03  Colossus  
  117  7:10  Nexus  
  117  7:11  Photon Cannon  
  117  7:12  Pylon  
  117  7:13  Pylon  
  122  7:25  Adept x3  
  122  7:26  Adept x3  
  134  7:35  Probe x2  
  134  7:36  Probe  
  137  7:39  Adept x2  
  137  7:40  Adept  
  137  7:41  Pylon  
  143  7:50  Colossus  
  149  8:02  Templar Archives  
  149  8:03  Gateway  
  149  8:05  Gateway, Protoss Ground Weapons Level 2 (Chrono Boost), Protoss Ground Armor Level 2 (Chrono Boost)  
  149  8:08  Gateway  
  149  8:11  Gateway  
  148  8:32  Assimilator  
  148  8:33  Assimilator  
  148  8:37  Charge  
  148  8:39  Colossus  
  154  8:50  High Templar x2  
  154  8:51  Zealot x7  
  154  8:55  Archon  
  172  8:56  Nexus  
  172  8:59  Pylon  
  172  9:01  Photon Cannon  
  172  9:03  Pylon  
  171  9:18  High Templar  
  173  9:27  High Templar  
  173  9:28  Zealot x6  
  187  9:44  Stalker x2  
  187  9:48  Archon  
  187  9:51  Colossus  
  187  9:53  Pylon  
  187  9:55  Pylon  
  187  9:56  Pylon  
  187  9:58  Pylon  
  145  10:07  Stalker x2  
  145  10:08  Stalker x6  
  145  10:09  Stalker x2  
  145  10:13  Zealot, High Templar x2  
  161  10:17  Archon  
  139  10:38  Probe  
  139  10:40  Warp Prism  
  139  10:42  High Templar x2  
  142  10:43  High Templar x2  
  142  10:44  Zealot x7  
  142  10:47  Archon  
  142  10:48  Archon  
  164  10:53  Assimilator  
  164  10:57  Assimilator  
  164  10:58  Photon Cannon  
  160  11:18  Stalker x4  
  152  11:19  Stalker x5  
  164  11:42  Stalker x3  
  164  11:43  Stalker x2  
  164  11:46  Zealot  
  168  11:52  Stalker x2  
  170  11:55  Stalker  
Show
View Real Time Build Order
Export as new Build Order

Basior Terran 

Build Orders: Command Center First (CC), MMM Bio 

Get SALT Encoding   

  12  0:00  SCV  
  13  0:12  SCV  
  14  0:16  Supply Depot  
  14  0:25  SCV  
  15  0:38  SCV  
  16  0:50  SCV  
  17  1:02  Command Center  
  17  1:03  SCV  
  18  1:15  Barracks  
  18  1:17  SCV  
  19  1:29  SCV  
  20  1:33  Barracks  
  20  1:41  SCV  
  20  1:46  Barracks  
  21  2:02  Orbital Command  
  21  2:07  Refinery  
  21  2:09  Refinery  
  22  2:17  Orbital Command  
  22  2:22  Marine  
  22  2:24  Marine  
  22  2:28  SCV  
  24  2:33  Marine  
  25  2:39  Marine  
  25  2:40  SCV  
  27  2:44  SCV  
  27  2:46  Supply Depot  
  27  2:47  Barracks Reactor  
  28  2:52  SCV  
  28  2:56  Barracks Tech Lab  
  28  2:57  Marine  
  30  2:59  SCV  
  30  3:04  SCV  
  32  3:08  Engineering Bay  
  32  3:11  SCV  
  33  3:15  Marauder, Marine  
  33  3:16  SCV  
  33  3:18  Stimpack  
  37  3:23  SCV  
  37  3:25  Supply Depot  
  37  3:26  Marine  
  39  3:27  Marine  
  39  3:30  SCV  
  41  3:36  Marine  
  41  3:38  SCV  
  45  3:41  Marauder  
  45  3:44  Marine  
  45  3:46  SCV, Marine  
  48  3:50  SCV  
  48  3:51  Missile Turret  
  49  3:55  Marine  
  49  4:01  SCV, Factory  
  52  4:02  Terran Infantry Weapons Level 1, SCV  
  52  4:08  Marine x2  
  54  4:17  Supply Depot  
  54  4:18  Supply Depot  
  54  4:22  Barracks Tech Lab  
  54  4:33  Command Center  
  54  4:38  SCV x2  
  54  4:39  Marine x2, Marauder  
  54  4:41  Marauder  
  54  4:44  Combat Shields  
  62  4:48  Starport  
  62  4:50  SCV  
  62  4:51  Refinery  
  63  4:53  SCV  
  63  4:56  Factory Reactor  
  64  5:01  Refinery  
  64  5:02  Supply Depot  
  64  5:03  SCV  
  64  5:04  Supply Depot, Marine  
  66  5:07  Marine  
  66  5:10  SCV  
  68  5:15  SCV  
  68  5:16  Marine  
  68  5:20  Supply Depot  
  70  5:23  SCV, Marine  
  70  5:25  Supply Depot  
  73  5:28  SCV  
  73  5:32  Marine x2  
  75  5:35  SCV  
  75  5:37  Medivac x2  
  75  5:38  Factory Reactor  
  75  5:40  SCV  
  81  5:44  Orbital Command  
  81  5:47  SCV, Concussive Shells  
  81  5:48  Marine x2  
  81  5:49  Marine  
  84  5:56  Marine  
  86  6:00  Terran Infantry Armor Level 1  
  86  6:06  Barracks, Marine x2  
  86  6:07  Orbital Command  
  86  6:08  Barracks  
  86  6:11  Medivac x2  
  90  6:13  SCV x2  
  93  6:22  Widow Mine x2  
  93  6:23  Marine  
  93  6:24  Liberator x2  
  93  6:25  SCV x2  
  100  6:30  Supply Depot, Marine  
  100  6:31  Marine  
  102  6:33  SCV  
  102  6:37  SCV x2  
  102  6:39  Ghost Academy  
  105  6:45  SCV  
  105  6:46  Marine x2  
  113  6:48  Marine  
  113  6:49  SCV  
  113  6:51  Widow Mine  
  113  6:53  SCV  
  109  6:56  Refinery  
  109  7:00  SCV  
  110  7:04  Barracks Reactor, Barracks Tech Lab, Marine  
  110  7:07  SCV x2  
  114  7:11  Missile Turret  
  114  7:14  Marine  
  116  7:16  SCV  
  116  7:18  Supply Depot  
  116  7:21  Liberator  
  116  7:22  SCV, Liberator  
  124  7:25  Refinery  
  124  7:28  Starport  
  125  7:30  Supply Depot  
  125  7:31  Supply Depot  
  125  7:36  SCV  
  123  7:40  Ghost  
  123  7:43  SCV x2  
  127  7:48  Ghost, Marine x3  
  127  7:49  Marine  
  127  7:50  Marine  
  133  7:51  Supply Depot  
  133  7:53  Supply Depot  
  133  7:55  Supply Depot, Widow Mine x2  
  137  7:59  SCV  
  137  8:01  Missile Turret  
  138  8:05  Starport Tech Lab  
  138  8:06  Armory, Liberator, Marine x3  
  138  8:07  Starport Tech Lab, Liberator  
  148  8:29  Starport Tech Lab  
  148  8:32  Command Center, Liberator  
  148  8:33  Marauder x3, Marine x3  
  148  8:34  Marine  
  155  8:35  Supply Depot  
  155  8:43  Supply Depot  
  155  8:48  Fusion Core  
  155  8:49  Liberator x2  
  155  8:51  Marine x4  
  155  8:54  Marauder, Marine x2  
  166  9:09  Marine x2  
  173  9:12  Marauder  
  173  9:15  Ghost, Marine  
  177  9:22  Terran Infantry Weapons Level 2  
  175  9:27  Barracks x2  
  168  9:50  Liberator x3  
  153  10:06  Marine x2  
  138  10:07  Marauder x2  
  147  10:18  Barracks Tech Lab x2  
  120  10:33  Liberator x3  
  90  10:36  Marine  
  90  10:37  Marauder, Marine x6  
  90  10:39  Planetary Fortress  
  99  10:44  Marauder  
  99  10:48  Refinery  
  99  10:49  Refinery  
  101  10:54  Marine x2  
  101  10:55  Marine x4  
  101  10:56  Marauder  
  116  10:57  Missile Turret  
  116  10:58  Marine  
  104  11:12  Marine  
  104  11:13  Marine x3, Marauder  
  104  11:14  Marauder  
  104  11:16  Marauder, Marine  
  104  11:17  Marine  
  90  11:30  Marine, Widow Mine x2  
  90  11:31  Marine x3  
  98  11:34  Marine, Marauder x2  
  98  11:35  Marine  
  106  11:44  Marine  

Tags
 
Add a new tag
Caveats
  • Supply blocks, unpowered buildings, or Contaminate may cause inaccurate times.
  • Supply counts are checked every 10 seconds.